 Dungeon Crawl Stone Soup version 0.30.1-9-gdf580d7c3d (webtiles) character file.

Game seed: 4378281663190202152

123 lonewolfV2 the Trooper (level 4, 0/55 HPs)
             Began as a Demonspawn Berserker on Oct 25, 2023.
             Was a Believer of Trog.
             Slain by a goblin
             ... wielding a +0 dagger
             ... led by Robin
              (2 damage)
             ... on level 3 of the Dungeon.
             The game lasted 00:03:42 (2868 turns).

lonewolfV2 the Trooper (Demonspawn Berserker)       Turns: 2868, Time: 00:03:43

Health: 0/55       AC:  2    Str: 20    XL:     4   Next: 80%
Magic:  13/13      EV: 12    Int:  8    God:    Trog [**....]
Gold:   136        SH:  0    Dex: 12    Spells: 3/3 levels left

rFire   . . .        e - +0 war axe
rCold   . . .        (no shield)
rNeg    . . .        b - +0 animal skin
rPois   .            (no helmet)
rElec   .            (no cloak)
rCorr   .            (no gloves)
SInv    .            (no boots)
Will    ++...        (no amulet) Stlth
                     d - ring of magical power
HPRegen 1.29/turn    (no ring)
MPRegen 0.13/turn

%: no passive effects
@: berserking, strong-willed, regenerating, studying Fighting, very quick
A: claws 1, foul stench 1
a: Renounce Religion, Berserk, Trog's Hand


You were on level 3 of the Dungeon.
You worshipped Trog.
Trog was pleased with you.
You visited 1 branch of the dungeon, and saw 3 of its levels.

You collected 136 gold pieces.

Inventory:

Hand Weapons
 a - a +0 hand axe
 e - a +0 war axe (weapon)
Armour
 b - a +0 animal skin (worn)
Jewellery
 d - a ring of magical power (left claw)
Scrolls
 c - a scroll of magic mapping
 g - a scroll of teleportation
Potions
 h - 2 potions of lignification
 i - a potion of heal wounds {unknown}


   Skills:
 + Level 4.0 Fighting
 - Level 2.6 Axes
 * Level 3.1 Armour
 * Level 3.2 Dodging


You had 3 spell levels left.
You didn't know any spells.
Your spell library was empty.

Dungeon Overview and Level Annotations

Branches:
Dungeon (3/15)

Altars:

Annotations:
D:3 Natasha, Robin


Innate Abilities, Weirdness & Mutations

You have sharp fingernails.
You may rarely emit foul miasma when damaged in melee.


Message History

Trog accepts your kill.
Robin roars a battlecry!
The goblins go into a battle-frenzy!
Natasha, Servant of Life and Death comes into view.
A goblin comes into view. It is wielding a +0 club.
The goblin hits you with a +0 dagger.
Natasha casts a spell.
The goblin closely misses you. Robin throws the goblin at you!
The goblin misses you.
The goblin hits you with a +0 dagger. x2
The goblin shouts!
You hit the goblin but do no damage. You barely miss the goblin.
You hit the goblin.
You kill the goblin!
Trog accepts your kill.
You hit the goblin but do no damage. Robin throws the goblin at you!
The goblin hits you with a +0 dagger.
* * * LOW HITPOINT WARNING * * *
The goblin hits you with a +0 dagger.
* * * LOW HITPOINT WARNING * * *
The goblin hits you with a +0 club.
* * * LOW HITPOINT WARNING * * *
The goblin closely misses you.
You barely miss the goblin. x2; You hit the goblin but do no damage.
You hit the goblin.
You kill the goblin!
Trog accepts your kill. The goblin barely misses you.
The goblin hits you but does no damage. The goblin barely misses you.
Your Fighting skill increases to level 4!
Your skin crawls.
You feel strong-willed. The goblin barely misses you.
The goblin closely misses you. The hobgoblin misses you.
The goblin closely misses you.
Natasha mumbles some strange words.
A red film seems to cover your vision as you go berserk!
You feel yourself moving faster!
You feel mighty! The goblin barely misses you. The hobgoblin hits you.
* * * LOW HITPOINT WARNING * * *
The goblin hits you with a +0 dagger.
You die...

#.. #5. #<.
#h5 #..
#gg##
#####.gg#
.....gg@#
.######g#
##.##
##...##
##.....####
#..........
##.....####
#....##
#.#.##


You could see Robin, Natasha, 2 cerulean imps, 2 hobgoblins and 4 goblins.

Vanquished Creatures
  Jessica (D:2)
  Terence (D:2)
  An adder (D:2)
  A worm (D:2)
  4 endoplasms
  4 giant cockroaches
  7 goblins
  A hobgoblin (D:1)
  5 jackals (D:2)
  5 kobolds
  5 quokkas
  9 ball pythons
  6 bats
  A frilled lizard (D:1)
  3 rats
54 creatures vanquished.

Notes
Turn   | Place    | Note
-------+----------+-------------------------------------------
     0 | D:1      | lonewolfV2 the Demonspawn Berserker began the quest for the
                  | Orb.
     0 | D:1      | Reached XP level 1. HP: 18/18 MP: 1/1
   175 | D:1      | Gained mutation: You have sharp fingernails. [demonic
                  | ancestry]
   175 | D:1      | Reached XP level 2. HP: 19/24 MP: 2/2
   511 | D:1      | Found a faded altar of an unknown god.
   982 | D:1      | Identified a scroll of acquirement
   982 | D:1      | Acquired a manual of Fighting
  1011 | D:2      | Gained mutation: You may rarely emit foul miasma when
                  | damaged in melee. [demonic ancestry]
  1011 | D:2      | Reached XP level 3. HP: 20/29 MP: 3/3
  1420 | D:2      | Reached ** piety under Trog
  1461 | D:2      | Noticed Terence
  1473 | D:2      | Killed Terence
  1771 | D:2      | Reached XP level 4. HP: 6/37 MP: 4/4
  2558 | D:2      | Noticed Jessica
  2566 | D:2      | Killed Jessica
  2860 | D:3      | Noticed Robin
  2864 | D:3      | Noticed Natasha
  2865 | D:3      | HP: 1/37 [goblin/+0 club[Robin] (5)]
  2867 | D:3      | Reached skill level 4 in Fighting
  2868 | D:3      | Slain by a goblin

Illustrated notes

Levels and vault maps discovered:
D:1:      roderic_octagonal_star, layout_loops_ring,
          shapermc_ecumenical_altar_venn
D:2:      layout_loops_corners, minmay_shallow_snake_nest, uniq_jessica,
          uniq_terence
D:3:      layout_loops_ring, gammafunk_temple_overflow_wave,
          gup_sewer_entry_glass, minmay_increasing_density, uniq_natasha,
          uniq_ijyb, uniq_robin

Skill      XL: |  1  2  3  4 |
---------------+-------------+-----
Armour         | 2 3 |  3.1
Dodging        | 2 3 |  3.2
Fighting       | 4 |  4.0
Axes           | |  2.6

Action                     |  1- 3 |  4- 6 || total
---------------------------+-------+-------++-------
  Melee: Hand axe          |   100 |       ||   100
         War axe           |    21 |    38 ||    59
         Punch             |       |     1 ||     1
 Invoke: Berserk           |     2 |     1 ||     3
         Trog's Hand       |     1 |     1 ||     2
    Use: Scroll            |     1 |     3 ||     4
         Potion            |     1 |       ||     1
   Stab: Sleeping          |       |     2 ||     2
 Armour: Animal skin       |    30 |    19 ||    49
  Dodge: Dodged            |   103 |    56 ||   159
